 Dungeon Crawl Stone Soup version 0.20.1-1-g8b1a95d (webtiles) character file.

7054 vomix the Severer (level 10, 0/91 HPs)
             Began as a Minotaur Berserker on Aug 13, 2017.
             Was a High Priest of Trog.
             Slain by a two-headed ogre
             ... wielding a +0 giant club
              (11 damage)
             ... on level 9 of the Dungeon.
             The game lasted 00:28:46 (8789 turns).

vomix the Severer (Minotaur Berserker)              Turns: 8789, Time: 00:28:47

Health: 0/91       AC: 13    Str: 21    XL:     10   Next: 83%
Magic:  9/9        EV: 12    Int:  4    God:    Trog [*****.]
Gold:   605        SH:  0    Dex: 14    Spells: 9/9 levels left

rFire    + . .     SeeInvis .   S - +0 broad axe
rCold    . . .     Gourm    .   (no shield)
rNeg     + . .     Faith    .   G - +2 ring mail "Ipai" {rElec rN+ Stlth+}
rPois    .         Spirit   .   (helmet restricted)
rElec    +         Reflect  .   y - +0 cloak
rCorr    +         Harm     .   f - +0 pair of gloves
MR       ++...                  H - +0 pair of boots
Stlth    ++........             (no amulet)
Regen    1.3/turn               a - ring of resist corrosion
MPRegen  0.2/turn               M - ring of protection from fire

@: berserk cooldown, regenerating, slowed, very slow
A: retaliatory headbutt, horns 2
a: Berserk, Trog's Hand, Brothers in Arms, Burn Spellbooks, Renounce Religion


You were on level 9 of the Dungeon.
You worshipped Trog.
Trog was extremely pleased with you.
You were not hungry.

You visited 2 branches of the dungeon, and saw 10 of its levels.
You also visited: Sewer.

You collected 605 gold pieces.

Inventory:

Hand Weapons
 S - a +0 broad axe (weapon)
Missiles
 d - 6 silver javelins (quivered)
Armour
 f - a +0 pair of gloves (worn)
 h - a scarf of resistance
 y - a +0 cloak (worn)
 G - the +2 ring mail "Ipai" (worn) {rElec rN+ Stlth+}
   (You found it on level 5 of the Dungeon)

   It insulates you from electricity.
   It protects you from negative energy.
   It makes you more stealthy.
 H - a +0 pair of boots (worn)
Jewellery
 a - a ring of resist corrosion (left hand)
 g - an uncursed ring of positive energy
 t - an uncursed ring of teleportation
 K - an uncursed ring of see invisible
 M - a ring of protection from fire (right hand)
 R - an uncursed amulet of the gourmand {unknown}
Wands
 b - a wand of acid (8/15)
 D - a wand of disintegration (12/24)
 E - a wand of iceblast (8/15)
 I - a wand of iceblast (9/15)
 O - a wand of polymorph (15/24)
Scrolls
 e - a scroll of magic mapping {unknown}
 i - 2 scrolls of teleportation
 p - 5 scrolls of remove curse
 q - a scroll of fear {unknown}
 r - 3 scrolls of recharging {unknown}
 s - 2 scrolls of immolation {unknown}
 v - 3 scrolls of fog {unknown}
 w - 2 scrolls of blinking {unknown}
 L - 2 scrolls of noise {unknown}
Potions
 j - 9 potions of might
 l - 2 potions of lignification {unknown}
 m - 2 potions of cancellation {unknown}
 n - 3 potions of berserk rage {unknown}
 u - a potion of magic {unknown}
 x - 2 potions of resistance {unknown}
 z - 8 potions of heal wounds {unknown}
 A - 2 potions of agility {unknown}
 B - 3 potions of curing {unknown}
 F - a potion of flight {unknown}
 N - a potion of mutation {unknown}
Miscellaneous
 Q - a phial of floods
Comestibles
 c - 9 bread rations
 k - 7 fruits
 o - 4 meat rations
 C - 9 chunks of flesh
 J - 5 royal jellies


   Skills:
 + Level 9.4 Fighting
 - Level 15.2 Axes
 + Level 9.1 Armour
 - Level 2.1 Dodging


You had 9 spell levels left.
You didn't know any spells.

Dungeon Overview and Level Annotations

Branches:
Dungeon (9/15)             Temple (1/1) D:6            Lair (0/6) D:8
    Orc: D:9-12

Altars:
Ashenzari
Cheibriados
Dithmenos
Elyvilon
Fedhas
Gozag
Hepliaklqana
Kikubaaqudgha
Makhleb
Nemelex Xobeh
Okawaru
Qazlal
Ru
Sif Muna
Trog
Uskayaw
Vehumet
Xom
Yredelemnul
Zin
The Shining One

Shops:
D:7 (   D:8 [


Innate Abilities, Weirdness & Mutations

You reflexively headbutt those who attack you in melee.
You have a pair of horns on your head.


Message History

The two-headed ogre is heavily wounded.
The two-headed ogre hits you with a giant club.
* * * LOW HITPOINT WARNING * * *
The two-headed ogre closely misses you.
You hit the two-headed ogre but do no damage.
The two-headed ogre is heavily wounded.
The two-headed ogre closely misses you. You furiously retaliate!
You headbutt the two-headed ogre. The two-headed ogre barely misses you.
You slash the two-headed ogre! You headbutt the two-headed ogre.
The two-headed ogre is almost dead.
The two-headed ogre hits you with a giant club!
* * * LOW HITPOINT WARNING * * *
The two-headed ogre hits you with a giant spiked club!
* * * LOW HITPOINT WARNING * * *
You closely miss the two-headed ogre.
Your headbutt misses the two-headed ogre.
The two-headed ogre is almost dead.
The two-headed ogre completely misses you.
The two-headed ogre hits you with a giant spiked club!
You die...

#......≈≈#
#........#
##.......#
#########
#......##
........#
#......#
[.....<.#
##....##
........# ##..##
........# #O.#
........# #@##
........# #.#
........# ##.#
#######.# #..#
#.# #.## # #.####
#.# # #....# #.#
##########.####.#
......# #.##...#


You could see a two-headed ogre.

Vanquished Creatures
  An ice dragon (D:9)
  A cyclops (D:9)
  An elephant (D:8)
  A hornet (D:8)
  Prince Ribbit (D:6)
  Sigmund (D:4)
  5 yaks (D:8)
  Eustachio (D:5)
  A water moccasin (D:9)
  2 ice beasts
  An orc warrior (D:6)
  2 sky beasts
  2 black bears
  4 ogres
  2 centaurs
  2 crocodiles (D:8)
  7 big kobolds
  3 bullfrogs
  A gnoll sergeant (D:9)
  A scorpion (D:8)
  10 killer bees (D:8)
  A howler monkey (D:9)
  3 crimson imps
  A bullfrog zombie (D:8)
  A quasit (D:9)
  Crazy Yiuf (D:4)
  A centaur skeleton (D:8)
  A centaur zombie (D:7)
  A bullfrog skeleton (D:5)
  6 orc priests
  A gnoll shaman (D:7)
  5 hounds
  3 orc wizards
  2 iguanas
  Terence (D:3)
  4 worker ants
  4 worker ant zombies
  22 gnolls
  A howler monkey skeleton (D:5)
  14 adders
  9 river rats
  3 shadow imps
  An ooze (D:5)
  An adder skeleton (D:4)
  An adder zombie (D:6)
  6 worms
  3 dart slugs
  9 leopard geckos
  14 orcs
  3 giant cockroaches
  9 goblins
  10 hobgoblins
  10 jackals
  30 kobolds
  5 quokkas
  3 ball pythons
  8 bats
  5 frilled lizards
  26 rats
  3 plants (D:7)
282 creatures vanquished.

Notes
Turn   | Place    | Note
-------+----------+-------------------------------------------
     0 | D:1      | vomix the Minotaur Berserker began the quest for the Orb.
     0 | D:1      | Reached XP level 1. HP: 19/19 MP: 0/0
    69 | D:1      | Reached skill level 4 in Axes
   262 | D:1      | Reached XP level 2. HP: 26/26 MP: 1/1
  1114 | D:2      | Reached skill level 5 in Axes
  1325 | D:2      | Reached XP level 3. HP: 31/31 MP: 2/2
  1350 | D:2      | Reached ** piety under Trog
  1446 | D:2      | Found a shimmering altar of Xom.
  1679 | D:3      | Noticed Terence
  1685 | D:3      | Killed Terence
  1685 | D:3      | Reached skill level 6 in Axes
  1685 | D:3      | Reached XP level 4. HP: 39/39 MP: 3/3
  2351 | D:4      | Found a runed door.
  2356 | D:4      | Noticed Crazy Yiuf
  2361 | D:4      | Killed Crazy Yiuf
  2361 | D:4      | Reached XP level 5. HP: 45/45 MP: 4/4
  2417 | D:4      | Noticed an ogre
  2423 | D:4      | Killed an ogre
  2423 | D:4      | Reached skill level 7 in Axes
  2568 | D:4      | Reached skill level 8 in Axes
  2583 | D:4      | Reached XP level 6. HP: 26/51 MP: 5/5
  2588 | D:4      | Reached *** piety under Trog
  2641 | D:4      | Found a glowing drain.
  2650 | Sewer    | Entered a sewer
  3116 | Sewer    | Reached skill level 9 in Axes
  3570 | D:4      | Found a blossoming altar of Fedhas.
  3630 | D:4      | Reached XP level 7. HP: 57/57 MP: 6/6
  3633 | D:4      | Reached **** piety under Trog
  3731 | D:4      | Noticed Sigmund
  3743 | D:4      | Killed Sigmund
  3743 | D:4      | Reached skill level 10 in Axes
  3897 | D:5      | Entered Level 5 of the Dungeon
  3933 | D:5      | Got a distressingly furry ring mail
  3954 | D:5      | Identified the +2 ring mail "Ipai" {rElec rN+ Stlth+} (You found it on level 5 of the Dungeon)
  4060 | D:5      | Reached skill level 11 in Axes
  4196 | D:5      | Noticed Eustachio
  4218 | D:5      | Killed Eustachio
  4218 | D:5      | Reached XP level 8. HP: 42/64 MP: 7/7
  4255 | D:5      | Reached skill level 12 in Axes
  4871 | D:6      | Reached skill level 13 in Axes
  4874 | D:6      | Received a gift from Trog
  4875 | D:6      | Noticed Prince Ribbit
  4902 | D:6      | Killed Prince Ribbit
  4902 | D:6      | Reached XP level 9. HP: 29/70 MP: 8/8
  5216 | D:6      | Found a staircase to the Ecumenical Temple.
  5222 | Temple   | Entered the Ecumenical Temple
  5512 | D:7      | Reached skill level 14 in Axes
  5600 | D:7      | Found a glowing silver altar of Zin.
  5746 | D:7      | Found Haeres's Weapon Boutique.
  5904 | D:7      | Reached skill level 15 in Axes
  5906 | D:7      | Reached ***** piety under Trog
  6501 | D:8      | Found Nudgh's Armour Emporium.
  6509 | D:8      | Reached skill level 5 in Fighting
  6623 | D:8      | Reached skill level 5 in Armour
  6624 | D:8      | Reached XP level 10. HP: 40/83 MP: 9/9
  6673 | D:8      | Noticed an elephant
  6841 | D:8      | Found a staircase to the Lair.
  7175 | D:8      | Killed an elephant
  8497 | D:9      | Noticed a cyclops
  8507 | D:9      | Killed a cyclops
  8750 | D:9      | Noticed an ice dragon
  8776 | D:9      | Noticed a two-headed ogre
  8779 | D:9      | Killed an ice dragon
  8789 | D:9      | Slain by a two-headed ogre

Skill      XL: |  1  2  3  4  5  6  7  8  9 10 |
---------------+-------------------------------+-----
Axes           | 4 5 6 8 9 11 13 15 | 15.2
Fighting       | 6 9 |  9.4
Armour         | 5 9 |  9.1
Dodging        | |  2.1

Action                   |  1- 3 |  4- 6 |  7- 9 | 10-12 || total
-------------------------+-------+-------+-------+-------++-------
Melee: Hand axe          |    73 |   154 |   324 |   132 ||   683
       Headbutt          |     9 |    28 |    81 |    42 ||   160
       Broad axe         |       |       |       |    44 ||    44
Invok: Berserk           |     1 |     6 |    10 |     4 ||    21
       Trog's Hand       |       |       |     3 |     2 ||     5
       Burn Spellbooks   |       |       |     1 |       ||     1
  Use: Scroll            |       |       |     5 |       ||     5
 Stab: Sleeping          |       |       |     7 |       ||     7
  Eat: Chunk             |     2 |    12 |    19 |     1 ||    34
       Meat ration       |       |       |     1 |     2 ||     3
Armor: Animal skin       |     8 |       |       |       ||     8
       Ring mail         |     1 |     6 |    90 |    60 ||   157
       Scale mail        |       |    76 |     9 |       ||    85
Dodge: Dodged            |    53 |    98 |   160 |    86 ||   397
